 Dungeon Crawl Stone Soup version bcrawl-1.39.2 (webtiles) character file.

Game seed: 16532483584021154995

158680 KristoblXynda the Slasher (level 5, -7/47 HPs)
             Began as a Draconian Gladiator on Oct 9, 2023.
             Killed by divine providence
             ... invoked by an orc priest
              (12 damage)
             ... on level 4 of the Dungeon.
             The game lasted 00:02:33 (2741 turns).

KristoblXynda the Slasher (Draconian Gladiator)     Turns: 2741, Time: 00:02:33

Health: -7/47      AC:  6    Str: 16    XL:     5   Next: 63%
Magic:  5/5        EV: 13    Int: 10    God:
Gold:   149        SH:  1    Dex: 12    Spells: 3/4 levels left

rFire    . . .     GDR:     24% a - +0 long sword
rCold    . . .     SeeInvis .   (no shield)
rNeg     . . .     Gourm    .   (armour unavailable)
rPois    .         Faith    .   b - +1 hat
rElec    .         Spirit   .   (no cloak)
rCorr    .         Reflect  .   (no gloves)
MR       .....                  (no boots)
Stlth    +.........             (no amulet)
HPRegen  0.17/turn              (no ring)
MPRegen  0.09/turn              (no ring)

@: no status effects
A: unfitting armour, cold-blooded, AC +5
a: no special abilities


You were on level 4 of the Dungeon.
You were hungry.

You visited 1 branch of the dungeon, and saw 4 of its levels.

You collected 149 gold pieces.

Inventory:

Hand Weapons
 a - a +0 long sword (weapon)
Missiles
 c - 3 throwing nets {=f}
Armour
 b - a +1 hat (worn)
 j - a scarf of repulsion
 r - a +1 hat
Scrolls
 f - 3 scrolls of amnesia {unknown}
 g - 4 scrolls of teleportation {unknown}
 h - a scroll of fog {unknown}
 i - a scroll of identify
 k - a scroll of revelation {unknown}
 l - 2 scrolls of remove curse {unknown}
 n - a scroll of enchant weapon {unknown}
 o - 3 scrolls of immolation {unknown}
Potions
 p - a potion of invisibility {unknown}
 q - a potion of mutation {unknown}
Comestibles
 e - 9 rations {!d}


   Skills:
 + Level 4.5 Fighting
 * Level 4.9 Long Blades
 - Level 2.0 Throwing
 + Level 3.6 Dodging


You had 3 spell levels left.
You knew the following spells:

 Your Spells              Type           Power        Failure   Level  Hunger
a - Infusion              Chrm           #.......     36%         1    None

Your spell library contained the following spells:

 Spells                   Type           Power        Failure   Level  Hunger
 Apportation              Tloc           #.....       36%         1    None
 Corona                   Hex            #......      36%         1    None
 Sandblast                Erth           #.....       36%         1    None
 Slow                     Hex            #.......     36%         1    None
 Summon Butterflies       Summ           #.......     36%         1    None


Dungeon Overview and Level Annotations

Branches:
Dungeon (4/12)
 Temple: D:4-7

Altars:


Innate Abilities, Weirdness & Mutations

Your plain brown scales are hard. (AC +5)
You cannot fit into any form of body armour.
You are cold-blooded and may be slowed by cold attacks.


Message History

Beogh smites you!
* * * LOW HITPOINT WARNING * * *
You slash the orc!
You kill the orc!
You closely miss the jackal.
The jackal bites you but does no damage.
The jackal misses you.
The jackal bites you but does no damage.
The orc wizard gestures wildly while chanting.
The orc wizard blinks!
The jackal bites you but does no damage.
The jackal closely misses you. The jackal barely misses you.
The orc priest invokes the aid of Beogh against you.
Beogh smites you!
* * * LOW HITPOINT WARNING * * *
The jackal closely misses you.
The orc priest invokes the aid of Beogh against you.
Beogh smites you!
You die...

#...# ...... .#
###o# .##.# ##.
#o# ##.# .. #.#
#<# .# #.#
#.##.# #.#
###+###..^.# #.#
#..........#
#h###........[.+
#.@............#
#..............+
##.............#
#.............#
#...###########
#...# #...#
#####


You could see an orc wizard, an orc priest and a jackal.

Vanquished Creatures
  Jessica (D:2)
  Natasha (twice) (D:3)
  A worker ant zombie (D:2)
  2 oozes (D:3)
  2 adder zombies (D:2)
  6 worms
  3 leopard geckos
  4 orcs
  7 bats
  5 giant cockroaches
  4 goblins
  8 hobgoblins
  2 jackals (D:1)
  A quokka (D:3)
  9 frilled lizards
  8 kobolds
  A quokka skeleton (D:2)
  2 quokka zombies (D:2)
  5 rats
73 creatures vanquished.

Vanquished Creatures (others)
  Natasha (D:3)
1 creature vanquished.

Grand Total: 74 creatures vanquished

Notes
Turn   | Place    | Note
-------+----------+-------------------------------------------
     0 | D:1      | KristoblXynda the Draconian Gladiator began the quest for
                  | the Orb.
     0 | D:1      | Reached XP level 1. HP: 19/19 MP: 1/1
   185 | D:1      | Reached XP level 2. HP: 26/26 MP: 2/2
   767 | D:1      | Reached XP level 3. HP: 33/33 MP: 3/3
  1141 | D:2      | Noticed Jessica
  1153 | D:2      | Killed Jessica
  1160 | D:2      | Reached XP level 4. HP: 39/40 MP: 4/4
  1359 | D:2      | Learned a level 1 spell: Infusion
  1582 | D:3      | Noticed Natasha
  1621 | D:3      | Killed Natasha
  1622 | D:3      | Reached XP level 5. HP: 9/46 MP: 5/5
  2374 | D:3      | Noticed Natasha
  2382 | D:3      | Killed Natasha
  2623 | D:3      | Noticed Natasha
  2633 | D:3      | Killed Natasha
  2741 | D:4      | Killed from afar by an orc priest

Skill      XL: |  1  2  3  4 |
---------------+-------------+-----
Throwing       | 2 |  2.0
Dodging        | 3 |  3.6
Long Blades    | 4 |  4.9
Fighting       | 4 |  4.5

Action                   |  1- 3 |  4- 6 || total
-------------------------+-------+-------++-------
Melee: Long sword        |    97 |   160 ||   257
       Tailslap          |    17 |    33 ||    50
  Use: Potion            |       |     1 ||     1
 Stab: Sleeping          |     3 |       ||     3
  Eat: Chunk             |     3 |     9 ||    12
Armor: Skin              |    26 |    34 ||    60
Dodge: Dodged            |    56 |   107 ||   163
Block: Other             |     1 |     1 ||     2
